 Dungeon Crawl Stone Soup version 0.24-a0-784-g601f8f6d22 (webtiles) character file.

Game seed: 17664457686211166426, levelgen mode: deterministic

160930 Johnny the Earth Mage (level 16, -4/139 HPs)
             Began as a Demigod Earth Elementalist on Oct 9, 2019.
             Slain by a +0 dire flail of crushing (21 damage)
             ... on level 3 of the Elven Halls.
             The game lasted 01:14:07 (38884 turns).

Johnny the Earth Mage (Demigod Earth Elementalist) Turns: 38884, Time: 01:14:08

Health: -4/139     AC: 10    Str: 11    XL:     16   Next: 64%
Magic:  2/36       EV: 22    Int: 34    God:
Gold:   702        SH:  0    Dex: 16    Spells: 8/37 levels left

rFire    + . .     SeeInvis +   F - +12 rapier of Ykki {pierce, +Rage rC+ Int+2}
rCold    + + .     Gourm    +   (no shield)
rNeg     . . .     Faith    .   G - +3 troll leather armour
rPois    .         Spirit   .   P - +1 helmet {Int+3}
rElec    .         Reflect  .   k - scarf {rC+ rF+}
rCorr    .         Harm     .   J - +0 pair of gloves
MR       +....                  (no boots)
Stlth    ++........             Q - amulet of the gourmand
HPRegen  0.73/turn              v - ring of see invisible
MPRegen  0.25/turn              u - +2 ring of evasion

@: marked
A: high mp 1
a: Evoke Berserk Rage


You were on level 3 of the Elven Halls.
You were completely stuffed.

You visited 4 branches of the dungeon, and saw 26 of its levels.
You also visited: Bailey, Volcano and Wizlab.

You collected 2588 gold pieces.
You spent 1886 gold pieces at shops.

Inventory:

Hand Weapons
 q - the cursed +1 long sword "Waganirgh" {freeze, *Slow +Fly SInv Stlth+}
   (You found it on level 2 of the Elven Halls)

   It has been specially enchanted to freeze those struck by it, causing extra
   injury to most foes and up to half again as much damage against particularly
   susceptible opponents.
   It can also slow down cold-blooded creatures.
   It lets you see invisible.
   It lets you fly.
   It may slow you when you take damage.
   It makes you more stealthy.
   It has a curse placed upon it.
 F - the +12 rapier of Ykki (weapon) {pierce, +Rage rC+ Int+2}
   (You found it on level 6 of the Lair of Beasts)

   It inflicts extra damage upon your enemies.
   It affects your intelligence (+2).
   It protects you from cold.
   It lets you go berserk.
Missiles
 b - 346 stones (quivered)
Armour
 k - a scarf of resistance (worn)
 C - a +1 leather armour of magic resistance
 G - a +3 troll leather armour (worn)
 H - a +0 leather armour of poison resistance
 J - a +0 pair of gloves (worn)
 P - a +1 helmet of intelligence (worn)
Magical Staves
 j - an uncursed staff of power
Jewellery
 o - an uncursed ring of fire
 u - a +2 ring of evasion (right hand)
 v - a ring of see invisible (left hand)
 B - the ring of Neazuoq {*Tele rF+ rN+}
   (You found it on level 5 of the Lair of Beasts)

   [ring of teleportation]

   It may teleport you next to monsters.
   It protects you from fire.
   It protects you from negative energy.
 Q - an amulet of the gourmand (around neck)
Wands
 p - a wand of iceblast (7)
 y - a wand of polymorph (5)
 A - a wand of flame (62)
 L - a wand of random effects (30)
Scrolls
 a - 14 scrolls of remove curse
 c - 4 scrolls of identify
 e - 4 scrolls of magic mapping
 f - 3 scrolls of blinking
 i - 4 scrolls of noise
 l - 2 scrolls of amnesia
 n - 10 scrolls of teleportation
 w - 5 scrolls of fog
 x - 3 scrolls of immolation
 I - 6 scrolls of enchant weapon
 M - 2 scrolls of fear
 T - a scroll of holy word
Potions
 g - a potion of might
 h - a potion of lignification
 m - 2 potions of brilliance
 r - 16 potions of degeneration
 s - 4 potions of berserk rage
 t - 3 potions of flight
 D - 3 potions of resistance
 N - 3 potions of curing
Miscellaneous
 O - a phantom mirror
 U - a lightning rod (1/4)
Comestibles
 d - 26 rations
 z - 3 chunks of flesh


   Skills:
 - Level 11.7 Fighting
 - Level 11.8 Dodging
 - Level 1.7 Stealth
 - Level 11.0 Spellcasting
 - Level 0.8 Transmutations
 * Level 19.7 Earth Magic


You had 8 spell levels left.
You knew the following spells:

 Your Spells              Type           Power        Failure   Level  Hunger
a - Sandblast             Erth           ######       0%          1    None
b - Stone Arrow           Conj/Erth      ######       1%          3    None
c - Lee's Rapid Deconstr  Erth           ########..   1%          5    ##.....
d - Petrify               Tmut/Erth      ######..     1%          4    None
e - Blink                 Tloc           N/A          4%          2    None
f - Borgnjor's Vile Clut  Necr/Erth      ######....   1%          5    ##.....
g - Shatter               Erth           ########..   67%         9    #######

Your spell library contained the following spells:

 Spells                   Type           Power        Failure   Level  Hunger
 Passwall                 Tmut/Erth      ######..     1%          2    None
 Leda's Liquefaction      Hex/Erth       ######....   1%          4    None
 Beastly Appendage        Tmut           ###...       2%          1    None
 Animate Skeleton         Necr           N/A          3%          1    None
 Apportation              Tloc           ###...       3%          1    None
 Confusing Touch          Hex            ###...       3%          1    None
 Flame Tongue             Conj/Fire      ###..        3%          1    None
 Infusion                 Chrm           ###.         3%          1    None
 Magic Dart               Conj           ###.         3%          1    None
 Pain                     Necr           ###.         3%          1    None
 Summon Small Mammal      Summ           ###.         3%          1    None
 Sticks to Snakes         Tmut           ###.....     3%          2    None
 Call Imp                 Summ           ###.....     4%          2    None
 Ensorcelled Hibernation  Hex/Ice        ###...       4%          2    None
 Searing Ray              Conj           ###...       4%          2    None
 Shroud of Golubria       Chrm/Tloc      ###...       4%          2    None
 Slow                     Hex            ###.....     4%          2    None
 Song of Slaying          Chrm           ###.....     4%          2    None
 Throw Flame              Conj/Fire      ###...       4%          2    None
 Bolt of Magma            Conj/Fire/Erth ######....   6%          5    ##.....
 Statue Form              Tmut/Erth      ######...    7%          6    ####...
 Spider Form              Tmut/Pois      ###.......   8%          3    None
 Iron Shot                Conj/Erth      ######....   9%          6    ####...
 Call Canine Familiar     Summ           ###.....     10%         3    None
 Confuse                  Hex            ###.....     10%         3    None
 Conjure Flame            Conj/Fire      ###.....     10%         3    None
 Dazzling Spray           Conj/Hex       ###...       10%         3    None
 Gell's Gravitas          Tloc           ###.......   10%         3    None
 Inner Flame              Hex/Fire       ###.....     10%         3    None
 Lesser Beckoning         Tloc           ###.......   10%         3    None
 Mephitic Cloud           Conj/Pois/Air  ###.....     10%         3    None
 Regeneration             Chrm/Necr      ###.......   10%         3    None
 Spectral Weapon          Hex/Chrm       ###.....     10%         3    None
 Summon Guardian Golem    Hex/Summ       ###.....     10%         3    None
 Teleport Other           Tloc           ###.....     10%         3    None
 Vampiric Draining        Necr           ###.......   10%         3    None
 Ice Form                 Ice/Tmut       ###.....     26%         4    None
 Animate Dead             Necr           N/A          30%         4    None
 Force Lance              Conj/Tloc      ###.....     30%         4    None
 Fulminant Prism          Conj/Hex       ###.......   30%         4    None
 Iskenderun's Mystic Bla  Conj           ###.....     30%         4    None
 Passage of Golubria      Tloc           N/A          30%         4    None
 Sticky Flame             Conj/Fire      ###.....     30%         4    None
 Summon Ice Beast         Ice/Summ       ###.....     30%         4    None
 Summon Lightning Spire   Summ/Air       ###.....     30%         4    None
 Blade Hands              Tmut           ###.......   52%         5    ##.....
 Yara's Violent Unravell  Hex/Tmut       ###.......   58%         5    ##.....
 Fireball                 Conj/Fire      ###.......   65%         5    ##.....
 Metabolic Englaciation   Hex/Ice        ###.......   65%         5    ##.....
 Silence                  Hex/Air        ###.......   65%         5    ##.....
 Darkness                 Hex            ###.......   99%         6    ####...
 Shadow Creatures         Summ           N/A          99%         6    ####...


Dungeon Overview and Level Annotations

Branches:
Dungeon (15/15)            Temple (0/1) D:5            Lair (6/6) D:10
 Shoals (0/4) Lair:2        Snake (0/4) Lair:2        Slime (0/5) Lair:5
    Orc (2/2) D:10            Elf (3/3) Orc:2        Vaults (0/5) D:13
 Depths (0/5) D:15         Bailey (visited)         Volcano (visited)
 WizLab (visited)

Shops:
D:8 *   D:15 (   Orc:2 ?*:   Elf:1 :

Annotations:
D:11 1 runed translucent door
Lair:5 1 runed translucent door
Elf:2 3 runed translucent doors


Innate Abilities, Weirdness & Mutations

You have an increased reservoir of magic. (+10% MP)


Message History

Confirm with . or Enter, or press ? or * to list all spells.
Aiming: Sandblast (safe; 0% risk of failure)
Press: ? - help, Shift-Dir - straight line, f/p - +0 dire flail of crushing
Aim: a +0 dire flail of crushing (lightly damaged)
The blast of sand hits the +0 dire flail of crushing.
The +0 dire flail of crushing is moderately damaged.
b - 347 stones The +0 dire flail of crushing hits you!!
* * * LOW HITPOINT WARNING * * *
Casting: Sandblast (safe; 0% risk of failure)
Confirm with . or Enter, or press ? or * to list all spells.
Aiming: Sandblast (safe; 0% risk of failure)
Press: ? - help, Shift-Dir - straight line, f/p - +0 dire flail of crushing
Aim: a +0 dire flail of crushing (moderately damaged)
The blast of sand misses the +0 dire flail of crushing.
b - 346 stones The +0 dire flail of crushing hits you!
* * * LOW HITPOINT WARNING * * *
x2 The +0 dire flail of crushing hits you!!
You die...

*,,,....####..###
#.#...#..#.
**,,............#
#.#####..##
**,.##########.#
#..........
*,,*,,,,,,,,#.##
######.....
**,*,******,#..#
##....
*,*,*,,,,#.#..#
#####...
***,*,*,**,#.#..#
##.......
***,,,*,*,,*,#.#..#
#........
,,,,,,*,*,,*,#.#@##
#........
,,,,,,*,****,#.#(#
#........
,**,,,*,,,,,,#.#.#
#........
,**,,,########.#.#
##.......
,**,*,.().(......#
#'###...
,**,***.####..####
#.##....
,,*,***,***#..#
##.#.....
,,,,,,,,,,....#
#..'.....
*********######
#..'.....


You could see a +0 dire flail of crushing.

Vanquished Creatures
  A deep elf blademaster (Elf:1)
  Agnes (Elf:1)
  2 deep elf sorcerers
  An orc warlord (Orc:2)
  A deep elf elementalist (Elf:3)
  3 deep elf demonologists
  3 deep elf death magi (Elf:3)
  2 dire elephants
  2 deep elf annihilators
  2 deep elf high priests (Elf:3)
  A rakshasa (D:15)
  8 hydras
  3 vault guards (D:13)
  Erica (D:8)
  A deep troll shaman (Lair:6)
  5 two-headed ogres
  4 centaur warriors
  11 dancing weapons
  A catoblepas (Lair:6)
  6 death yaks (Lair:6)
  An ogre mage (D:13)
  3 orc high priests (Elf:3)
  20 deep elf knights
  3 skeletal warriors (D:13)
  A glowing orange brain (D:15)
  2 unseen horrors
  An unseen horror (shapeshifter) (D:14)
  5 wizards (Volcano)
  18 deep elf archers
  A lindwurm (Lair:2)
  13 orc knights
  47 deep elf magi
  3 ugly things (D:15)
  4 oklob plants
  4 cyclopes
  3 manticores
  19 elephants
  5 toenail golems (Volcano)
  Joseph (D:8)
  4 black mambas
  3 gargoyles
  13 spiny frogs
  A yaktaur (D:15)
  5 komodo dragons
  3 centaur skeletons
  2 rime drakes
  A tengu conjurer (D:13)
  A merfolk (D:11)
  A meliai (shapeshifter) (D:15)
  6 trolls
  12 blink frogs
  10 hippogriffs
  A polar bear (Lair:6)
  3 slime creatures (D:15)
  2 air elementals (Elf:2)
  A vampire (D:10)
  A tarantella (shapeshifter) (D:15)
  3 wraiths
  5 wyverns
  9 water elementals
  52 yaks
  4 fire elementals
  A basilisk (shapeshifter) (D:14)
  5 basilisks
  2 hungry ghosts
  A steam dragon (D:15)
  5 wargs (Orc:1)
  4 nagas (Lair:2)
  9 porcupines
  A soldier ant (D:14)
  11 water moccasins
  54 orc warriors
  5 black bears
  6 sky beasts
  A tengu (shapeshifter) (Elf:1)
  A necrophage (D:11)
  16 wolves
  8 ice beasts
  16 ogres
  15 crocodiles
  17 centaurs
  A big kobold (D:11)
  4 earth elementals
  25 bullfrogs
  2 wyvern skeletons
  3 scorpions
  9 killer bees
  10 wights
  3 electric eels
  A howler monkey (D:14)
  8 crimson imps
  3 centaur zombies
  2 quasits
  26 orc wizards
  31 orc priests
  10 hounds
  6 jellies
  8 iguanas
  3 bullfrog skeletons
  13 worker ants
  7 hell rats (Lair:6)
  A hound zombie (D:11)
  8 gnolls
  15 adders
  3 shadow imps
  An ooze (D:1)
  An adder zombie (D:8)
  2 adder skeletons
  2 worms
  2 dart slugs (D:3)
  3 leopard geckos
  96 orcs
  5 giant cockroaches
  17 goblins
  6 hobgoblins
  10 jackals
  14 kobolds
  9 quokkas
  3 ball pythons
  6 bats
  4 frilled lizards
  A jackal skeleton (D:4)
  A leopard gecko skeleton (D:5)
  5 rats
  A fungus (Lair:5)
  6 plants
931 creatures vanquished.

Vanquished Creatures (others)
  A crimson imp (D:10)
  An orc wizard (D:7)
  5 orcs (Orc:2)
  5 fungi
  16 plants
  11 toadstools (Lair:2)
39 creatures vanquished.

Grand Total: 970 creatures vanquished

Notes
Turn   | Place    | Note
-------+----------+-------------------------------------------
     0 | D:1      | Johnny the Demigod Earth Elementalist began the quest for
                  | the Orb.
     0 | D:1      | Reached XP level 1. HP: 14/14 MP: 5/5
    50 | D:1      | Reached skill level 3 in Earth Magic
    50 | D:1      | Reached XP level 2. HP: 22/22 MP: 0/7
   897 | D:1      | Reached XP level 3. HP: 9/27 MP: 4/8
  1004 | D:2      | Reached skill level 1 in Fighting
  1722 | D:2      | Reached XP level 4. HP: 25/35 MP: 10/10
  2172 | D:3      | Reached skill level 4 in Earth Magic
  2172 | D:3      | Reached XP level 5. HP: 16/41 MP: 0/11
  2184 | D:3      | Found a shadowy altar of Dithmenos.
  2720 | D:3      | Found a faded altar of an unknown god.
  3304 | D:4      | Reached XP level 6. HP: 44/48 MP: 8/13
  3910 | D:5      | Entered Level 5 of the Dungeon
  4088 | D:5      | Reached skill level 5 in Earth Magic
  4143 | D:5      | Found a staircase to the Ecumenical Temple.
  4156 | D:5      | Reached XP level 7. HP: 39/56 MP: 8/15
  4301 | D:5      | Learned a level 3 spell: Stone Arrow
  4307 | D:5      | Learned a level 5 spell: Lee's Rapid Deconstruction
  5393 | D:5      | Reached skill level 6 in Earth Magic
  5892 | D:6      | Reached XP level 8. HP: 66/66 MP: 13/17
  7243 | D:7      | Reached skill level 7 in Earth Magic
  7419 | D:7      | Reached skill level 5 in Dodging
  8271 | D:8      | Reached XP level 9. HP: 73/73 MP: 13/20
  8277 | D:8      | Learned a level 4 spell: Petrify
  8300 | D:8      | Reached skill level 5 in Spellcasting
  8523 | D:8      | Reached skill level 5 in Fighting
  8566 | D:8      | Reached skill level 8 in Earth Magic
  8945 | D:8      | Noticed Joseph
  8950 | D:8      | Killed Joseph
  9070 | D:8      | Noticed a cyclops
  9151 | D:8      | Killed a cyclops
  9265 | D:8      | Found Sixtaich's Assorted Antiques.
  9274 | D:8      | Noticed a two-headed ogre
  9284 | D:8      | Killed a two-headed ogre
  9284 | D:8      | Reached skill level 9 in Earth Magic
  9708 | D:8      | Noticed Erica
  9715 | D:8      | Killed Erica
  9715 | D:8      | Reached XP level 10. HP: 83/83 MP: 6/22
 10385 | D:8      | Found a glowing golden altar of the Shining One.
 10385 | D:8      | Found an ancient bone altar of Kikubaaqudgha.
 10386 | D:8      | Found a blossoming altar of Fedhas.
 10388 | D:8      | Found an ornate altar of the Wu Jian Council.
 10388 | D:8      | Found an iron altar of Okawaru.
 10650 | D:9      | Noticed a two-headed ogre
 10651 | D:9      | Reached skill level 10 in Earth Magic
 10825 | D:9      | Killed a two-headed ogre
 11362 | D:10     | Entered Level 10 of the Dungeon
 11366 | D:10     | Found a staircase to the Orcish Mines.
 11627 | D:10     | HP: 3/86 [gargoyle/stone arrow (28)]
 11638 | D:10     | HP: 4/86 [centaur (6)]
 11816 | D:10     | Noticed a two-headed ogre
 11818 | D:10     | Reached XP level 11. HP: 45/92 MP: 12/25
 11824 | D:10     | Killed a two-headed ogre
 12302 | D:10     | Found a staircase to the Lair.
 12599 | D:11     | Noticed an eight-headed hydra
 12603 | D:11     | Killed an eight-headed hydra
 12603 | D:11     | Reached skill level 11 in Earth Magic
 13277 | D:11     | Found a white marble altar of Elyvilon.
 13277 | D:11     | Noticed an angel
 13280 | D:11     | Found a runed translucent door.
 13599 | D:11     | Got a distressingly furry robe
 13611 | D:11     | Identified the +2 robe of the Monkey {Str+5} (You found it
                  | on level 11 of the Dungeon)
 13802 | D:12     | Noticed an unseen horror
 13810 | D:12     | Killed an unseen horror
 13880 | D:12     | Noticed a two-headed ogre
 13882 | D:12     | Killed a two-headed ogre
 14365 | D:12     | Reached skill level 12 in Earth Magic
 14786 | D:12     | Reached XP level 12. HP: 103/103 MP: 25/28
 15356 | D:13     | Got an ancient chain mail
 15401 | D:13     | Noticed a vault guard
 15401 | D:13     | Noticed a vault guard
 15500 | D:13     | Identified the +2 chain mail of Evolution {Regen+} (You
                  | found it on level 13 of the Dungeon)
 15829 | D:13     | Killed a vault guard
 15832 | D:13     | Noticed a vault guard
 15868 | D:13     | Killed a vault guard
 15935 | D:13     | Killed a vault guard
 16142 | D:13     | Found a gate to the Vaults.
 16291 | D:13     | Reached skill level 13 in Earth Magic
 16499 | D:14     | Found a flagged portal.
 16514 | Bailey   | Entered a bailey
 17283 | D:14     | Found a blossoming altar of Fedhas.
 17699 | D:14     | Noticed a centaur warrior
 17703 | D:14     | Killed a centaur warrior
 17703 | D:14     | Reached XP level 13. HP: 74/111 MP: 16/30
 18057 | D:15     | Entered Level 15 of the Dungeon
 18139 | D:15     | Found Bipner's Weapon Boutique.
 18845 | D:15     | Reached skill level 10 in Dodging
 19248 | D:15     | Found a staircase to the Depths.
 19923 | D:10     | Learned a level 2 spell: Blink
 19947 | Lair:1   | Entered Level 1 of the Lair of Beasts
 20078 | Lair:1   | Reached skill level 10 in Fighting
 20288 | Lair:1   | Reached skill level 14 in Earth Magic
 21196 | Lair:2   | HP: 2/113 [six-headed hydra (9)]
 21459 | Lair:2   | Found a staircase to the Shoals.
 21850 | Lair:2   | Found a staircase to the Snake Pit.
 22139 | Lair:2   | Identified a scroll of acquirement
 22271 | Lair:2   | Noticed a dire elephant
 22291 | Lair:2   | Found a runed translucent door.
 22534 | Lair:2   | Killed a dire elephant
 22908 | Lair:3   | Found a dark tunnel.
 22916 | Volcano  | Entered a volcano
 22932 | Volcano  | Reached XP level 14. HP: 122/122 MP: 26/32
 22946 | Volcano  | Reached skill level 10 in Spellcasting
 24518 | Lair:4   | Reached skill level 15 in Earth Magic
 25276 | Lair:5   | Found a runed translucent door.
 25278 | Lair:5   | Found a viscous altar of Jiyva.
 25280 | Lair:5   | Found a staircase to the Slime Pits.
 25450 | Lair:5   | Learned a level 5 spell: Borgnjor's Vile Clutch
 25869 | Lair:5   | Got a fine bronze ring
 26057 | Lair:6   | Entered Level 6 of the Lair of Beasts
 26452 | Lair:6   | Identified the ring of Neazuoq {*Tele rF+ rN+} (You found
                  | it on level 5 of the Lair of Beasts)
 28224 | Lair:6   | Got a fine rapier
 28328 | Lair:6   | Identified the +12 rapier of Ykki {pierce, +Rage rC+ Int+2}
                  | (You found it on level 6 of the Lair of Beasts)
 28597 | Orc:1    | Entered Level 1 of the Orcish Mines
 28613 | Orc:1    | Reached XP level 15. HP: 119/130 MP: 34/34
 29104 | Orc:2    | Entered Level 2 of the Orcish Mines
 30188 | Orc:2    | Reached skill level 16 in Earth Magic
 30554 | Orc:2    | Found a staircase to the Elven Halls.
 30677 | Orc:2    | Found Qav Hetu's Antique Weapon Shop.
 30677 | Orc:2    | Found Pematuy's General Store.
 30679 | Orc:2    | Found Becygria's Magic Scroll Shoppe.
 30681 | Orc:2    | Found Siross's Book Boutique.
 30686 | Orc:2    | Bought a book of the Earth for 845 gold pieces
 30689 | Orc:2    | Bought a scroll of identify for 22 gold pieces
 30689 | Orc:2    | Bought a potion of curing for 33 gold pieces
 30691 | Orc:2    | Bought a scroll of identify for 24 gold pieces
 30691 | Orc:2    | Bought a scroll of fear for 42 gold pieces
 30691 | Orc:2    | Bought a scroll of identify for 24 gold pieces
 30691 | Orc:2    | Bought a scroll of teleportation for 36 gold pieces
 30691 | Orc:2    | Bought a scroll of summoning for 114 gold pieces
 30691 | Orc:2    | Bought a scroll of teleportation for 36 gold pieces
 30691 | Orc:2    | Bought a scroll of identify for 24 gold pieces
 30691 | Orc:2    | Bought a scroll of identify for 24 gold pieces
 30691 | Orc:2    | Bought a scroll of blinking for 90 gold pieces
 31053 | Orc:2    | Bought a scroll of acquirement for 572 gold pieces
 31080 | Orc:2    | Learned a level 9 spell: Shatter
 31110 | Elf:1    | Entered Level 1 of the Elven Halls
 31474 | Elf:1    | You fall into a shaft and drop 1 floor!
 31558 | Elf:1    | Noticed a deep elf blademaster
 31853 | Elf:1    | Killed a deep elf blademaster
 32493 | Elf:1    | Reached skill level 17 in Earth Magic
 33248 | Elf:1    | You fall into a shaft and drop 1 floor!
 33248 | Elf:2    | Found a shimmering blue altar of Sif Muna.
 33687 | Elf:1    | Found Soezelly's Book Boutique.
 33899 | Elf:1    | Noticed Agnes
 33907 | Elf:1    | Killed Agnes
 34569 | Elf:1    | Reached skill level 18 in Earth Magic
 35189 | Elf:2    | Reached XP level 16. HP: 139/139 MP: 25/36
 35282 | Elf:2    | Got a dazzling long sword
 35365 | Elf:2    | Identified the cursed +1 long sword "Waganirgh" {freeze,
                  | *Slow +Fly SInv Stlth+} (You found it on level 2 of the
                  | Elven Halls)
 35375 | Elf:2    | Found a runed translucent gate.
 35375 | Elf:2    | Found a runed translucent gate.
 35375 | Elf:2    | Found a runed translucent gate.
 35785 | Elf:3    | Entered Level 3 of the Elven Halls
 35904 | Elf:3    | Found a magical portal.
 36253 | WizLab   | HP: 5/139 [grey draconian monk[old memories] (11)]
 37341 | Elf:3    | Reached skill level 19 in Earth Magic
 38424 | Elf:3    | Found a roughly hewn altar of Beogh.
 38884 | Elf:3    | Slain by a +0 dire flail of crushing

Levels and vault maps discovered:
D:1:      dpeg_arrival_shrine, layout_basic
D:2:      minmay_alternating_diamond, layout_loops_cross
D:3:      layout_basic, grunt_dithmenos_smoke_and_mirrors,
          chequers_ecumenical_altar_grove
D:4:      layout_loops_ring
D:5:      layout_basic, temple_doors_e, first_ration
D:6:      layout_layer_cave, eino_tiny_chamber
D:7:      layout_basic
D:8:      layout_loops_ring, grunt_temple_overflow_open, serial_glass,
          glass_columns_b, glass_columns_b, serial_shops, nicolae_shop_stone,
          uniq_joseph, uniq_erica
D:9:      layout_cross
D:10:     layout_irregular_city, dpeg_oklobed_lair, orc_0_dummy
D:11:     layout_basic, hangedman_fish_farm, lemuel_angel_altar
D:12:     layout_cave_pods, minmay_circle_x
D:13:     layout_roguey, grunt_vaults_entry_fortified,
          chequers_serial_rivers_micro_a, bh_walls_and_bars
D:14:     layout_gridville, enter_bailey_7, minmay_hedge_maze,
          fedhas_bush_and_centaur_altar
D:15:     gammafunk_enter_depths_forms, layout_irregular_city,
          chequers_big_river, serial_shops, shop
Lair:1:   layout_regular_city, chequers_serial_rivers_marsh, grunt_megastairs_2,
          minmay_lair_oklob_chamber
Lair:2:   gammafunk_lair_enchanted_lake, layout_chaotic_city,
          minmay_shoals_entry_beasts, minmay_snake_entry_guardpost_medium
Lair:3:   layout_hall_layers, enter_volcano_1
Lair:4:   layout_cave_pods, grunt_megastairs_4
Lair:5:   cheibrodos_lair_river_kwai, layout_loops_ring, slime_altar_2,
          minmay_lair_oklob_items, chequers_serial_rivers_micro_a,
          chequers_serial_rivers_micro_c, st_stairs_6
Lair:6:   grunt_lair_end_beastmaster, layout_cave_pods
Orc:1:    layout_diamond_mine
Orc:2:    st_orc_rangers, layout_caves
Elf:1:    cheibrodos_elf_bladeworks, layout_onion_city, serial_shops, shop,
          minivault_28, uniq_agnes
Elf:2:    layout_loops_cross, basic_altar
Elf:3:    minmay_elf_hall_not_hex, layout_gridlike, special_room
          [special_room_orc], basic_altar, infiniplex_enter_wizlab_glasses,
          minivault_5, nicolae_elf_m_pinch, guppyfry_elf_castle

Skill      XL: |  1  2  3  4  5  6  7  8  9 10 11 12 13 14 15 16 |
---------------+-------------------------------------------------+-----
Earth Magic    | 3 4 5 6 7 9 10 12 13 14 15 18 19 | 19.7
Dodging        | 2 3 4 5 6 7 8 9 10 11 | 11.8
Spellcasting   | 2 3 4 6 8 9 10 11 | 11.0
Fighting       | 1 2 3 4 6 7 8 9 10 11 | 11.7
Stealth        | |  1.7
Transmutations | |  0.8

Action                   |  1- 3 |  4- 6 |  7- 9 | 10-12 | 13-15 | 16-18 || total
-------------------------+-------+-------+-------+-------+-------+-------++-------
Melee: Unarmed           |    23 |       |       |       |       |       ||    23
       Mace              |    19 |       |       |       |       |       ||    19
       Short sword       |    25 |   122 |    10 |       |       |       ||   157
       Flail             |       |       |   196 |   347 |   532 |       ||  1075
       Rapier            |       |       |       |       |   206 |    47 ||   253
Throw: Stone             |       |       |       |       |     1 |       ||     1
 Cast: Sandblast         |    52 |    72 |    60 |   130 |   218 |    36 ||   568
       Lee's Rapid Decon |       |       |    19 |    97 |   291 |   117 ||   524
       Stone Arrow       |       |       |       |    23 |    41 |     8 ||    72
       Petrify           |       |       |       |       |    14 |     2 ||    16
       Blink             |       |       |       |       |     8 |    23 ||    31
Evoke: Wand              |       |       |       |     7 |    24 |    14 ||    45
       Lightning rod     |       |       |       |       |     7 |     5 ||    12
  Use: Potion            |       |     3 |     2 |     1 |    13 |    11 ||    30
       Scroll            |       |     5 |     5 |    14 |    20 |     6 ||    50
 Stab: Sleeping          |     3 |     6 |     2 |     5 |     4 |     1 ||    21
       Distracted        |       |       |     1 |       |     1 |       ||     2
       Paralysed         |       |       |       |     5 |       |     5 ||    10
       Invisible         |       |       |       |       |     1 |       ||     1
  Eat: Chunk             |     2 |     7 |    14 |    35 |    70 |    18 ||   146
       Ration            |       |     1 |     2 |     3 |     4 |       ||    10
Armor: Robe              |    12 |    31 |    29 |       |       |       ||    72
       Skin              |       |    37 |       |       |       |       ||    37
       Leather armour    |       |       |     3 |    28 |       |       ||    31
       Troll leather arm |       |       |       |    61 |   276 |    51 ||   388
Dodge: Dodged            |    66 |   129 |   205 |   474 |  1240 |   189 ||  2303

Table legend:
 A = Non-vault XP
 B = Vault XP
 C = Vault XP percentage of total XP
 D = Non-vault monster count
 E = Vault monster count
 F = Vault count percentage of total count
                 A         B        C        D         E       F
            +---------+---------+-------+---------+---------+-------
      Total |  133230 |   96671 |  42.0 |     700 |     225 |  24.3
            +---------+---------+-------+---------+---------+-------
        D:1 |      48 |       0 |   0.0 |      28 |       0 |   0.0
        D:2 |      63 |      18 |  22.2 |      15 |       3 |  16.7
        D:3 |     165 |       0 |   0.0 |      31 |       0 |   0.0
        D:4 |     271 |       0 |   0.0 |      15 |       0 |   0.0
        D:5 |     951 |       0 |   0.0 |      29 |       0 |   0.0
        D:6 |     825 |       0 |   0.0 |      24 |       0 |   0.0
        D:7 |     924 |       0 |   0.0 |      21 |       0 |   0.0
        D:8 |    3603 |    1399 |  28.0 |      31 |       2 |   6.1
        D:9 |    3611 |       0 |   0.0 |      28 |       0 |   0.0
       D:10 |    3918 |       0 |   0.0 |      34 |       0 |   0.0
       D:11 |    3917 |     321 |   7.6 |      27 |       1 |   3.6
       D:12 |    5197 |    1601 |  23.6 |      31 |       5 |  13.9
       D:13 |    4885 |    7332 |  60.0 |      26 |      10 |  27.8
       D:14 |    4652 |     128 |   2.7 |      21 |       5 |  19.2
       D:15 |    5979 |    4741 |  44.2 |      25 |      10 |  28.6
     Lair:1 |    5104 |    2576 |  33.5 |      27 |       5 |  15.6
     Lair:2 |    4361 |    6284 |  59.0 |      13 |      16 |  55.2
     Lair:3 |    3611 |       0 |   0.0 |      21 |       0 |   0.0
     Lair:4 |    4530 |     970 |  17.6 |      18 |       3 |  14.3
     Lair:5 |    6322 |    2784 |  30.6 |      17 |       8 |  32.0
     Lair:6 |   12808 |   10633 |  45.4 |      56 |      19 |  25.3
      Orc:1 |    4931 |       0 |   0.0 |      57 |       0 |   0.0
      Orc:2 |    2753 |    6001 |  68.6 |      24 |      36 |  60.0
      Elf:1 |   14635 |   17522 |  54.5 |      26 |      23 |  46.9
      Elf:2 |   18519 |    4521 |  19.6 |      29 |       7 |  19.4
      Elf:3 |   16647 |   22232 |  57.2 |      26 |      35 |  57.4
     Bailey |       0 |    1886 | 100.0 |       0 |      26 | 100.0
    Volcano |       0 |    5722 | 100.0 |       0 |      11 | 100.0
            +---------+---------+-------+---------+---------+-------
